[Event "Titled Tuesday Blitz April 12 Early 2022"]
[White "Weetik, Vjacheslav"]
[Black "Hoang, Thi Bao Tram"]
[WhiteFideId "4153472"]
[BlackFideId "12401102"]
[WhiteElo "2469"]
[BlackElo "2125"]
[Result "1-0"]
[Round "09"]
[TimeControl "180+1"]
[Date "2022.04.13"]
[WhiteClock "0:00:09"]
[BlackClock "0:00:54"]

1. d4 d5 2. c4 c6 3. Nc3 Nf6 4. e3 g6 5. Nf3 Bg7 6. Be2 O-O 7. O-O Be6 8. Ng5 Bc8 9. Qb3 a6 10. a4 Ra7 11. a5 h6 12. Nf3 Be6 13. cxd5 cxd5 14. Bd2 Nc6 15. Na4 Ne4 16. Be1 Bc8 17. Nb6 Be6 18. Rc1 f5 19. Qa4 g5 20. Nd2 f4 21. Nxe4 dxe4 22. d5 Bxd5 23. Nxd5 Ne5 24. Qxe4 f3 25. gxf3 e6 26. Nb6 g4 27. f4 Nf3+ 28. Bxf3 gxf3 29. Qxf3 e5 30. Rc8 Qe7 31. Rxf8+ Qxf8 32. Qd5+ Kh8 33. fxe5 Qf5 34. Bc3 Qg4+ 35. Qg2 Qe6 36. f4 Qf5 37. e4 Qe6 38. f5 1-0


[Site "https://www.chess.com"]

[Event "Titled Tuesday Blitz April 12 Early 2022"]
[White "Winkels, Marcel"]
[Black "Samaganova, Aleksandra"]
[WhiteFideId "1003887"]
[BlackFideId "13800221"]
[WhiteElo "1900"]
[BlackElo "1859"]
[Result "0-1"]
[Round "09"]
[TimeControl "180+1"]
[Date "2022.04.13"]
[WhiteClock "0:00:24"]
[BlackClock "0:00:01"]

1. e4 c5 2. a3 e6 3. b4 b6 4. Nf3 Bb7 5. e5 cxb4 6. axb4 Bxb4 7. c3 Be7 8. d4 d6 9. Bf4 dxe5 10. Bxe5 Nf6 11. Bb5+ Nc6 12. Qa4 Qd7 13. O-O a6 14. Bd3 b5 15. Qc2 Rc8 16. Nbd2 h6 17. Bxf6 Bxf6 18. Ne4 Be7 19. Qe2 O-O 20. Nfd2 Qc7 21. Nb3 b4 22. cxb4 Nxb4 23. Rfc1 Qb8 24. Bc4 Rfd8 25. Nec5 Bxc5 26. dxc5 Nd5 27. Rab1 Nf4 28. Qd2 Qe5 29. Qb4 Qg5 30. g3 Nh3+ 31. Kf1 Bc6 32. Rd1 Qf5 33. Qc3 Rxd1+ 34. Rxd1 Qxf2# 0-1


[Site "https://www.chess.com"]

[Event "Titled Tuesday Blitz April 12 Early 2022"]
[White "Xiong, Jeffery"]
[Black "Sychev, Klementy"]
[WhiteFideId "2047640"]
[BlackFideId "4114060"]
[WhiteElo "2727"]
[BlackElo "2564"]
[Result "1-0"]
[Round "09"]
[TimeControl "180+1"]
[Date "2022.04.12"]
[WhiteClock "0:00:35"]
[BlackClock "0:00:02"]

1. e4 c5 2. Nf3 e6 3. c3 d5 4. exd5 exd5 5. d4 Nf6 6. Bb5+ Nc6 7. O-O Bd6 8. dxc5 Bxc5 9. Bg5 O-O 10. Bxf6 Qxf6 11. Qxd5 Bb6 12. Nbd2 Rd8 13. Qh5 Bf5 14. Nc4 Bc7 15. Rfe1 h6 16. h3 Kh7 17. Bxc6 bxc6 18. Nd4 Bg6 19. Qf3 Qh4 20. Ne5 Bxe5 21. Rxe5 Rd6 22. Rae1 Qd8 23. Nxc6 Qb6 24. Nd4 Rad8 25. h4 h5 26. R1e2 Rc8 27. g4 hxg4 28. Qxg4 Rc5 29. h5 Bb1 30. Nf5 Rxe5 31. Qxg7# 1-0


[Site "https://www.chess.com"]

[Event "Titled Tuesday Blitz April 12 Early 2022"]
[White "Xu, Yi"]
[Black "Derjabin, Ilja"]
[WhiteFideId "8605564"]
[BlackFideId "14104768"]
[WhiteElo "2471"]
[BlackElo "2341"]
[Result "1-0"]
[Round "09"]
[TimeControl "180+1"]
[Date "2022.04.12"]
[WhiteClock "0:00:29"]
[BlackClock "0:00:04"]

1. e4 e6 2. d4 d5 3. e5 c5 4. c3 Qa5 5. Nd2 c4 6. h4 b5 7. Ne2 Nc6 8. g3 b4 9. Bh3 bxc3 10. bxc3 Rb8 11. O-O f5 12. a4 Nh6 13. Nf3 Nf7 14. g4 fxg4 15. Bxg4 Be7 16. h5 Rb3 17. Be3 Rf8 18. Qc2 Rh8 19. Rfb1 Qb6 20. Nd2 Na5 21. Nxb3 cxb3 22. Qd1 Rf8 23. f4 Nh6 24. Bh3 Nf5 25. Bxf5 Rxf5 26. Ng3 Rf7 27. Qd3 Nc4 28. Bc1 Ba6 29. Qxh7 Bc5 30. dxc5 Qxc5+ 31. Kg2 b2 32. Bxb2 Ne3+ 33. Kh3 Rxf4 34. Qg8+ Kd7 35. Qxg7+ Kc6 36. Ba3 Qc4 37. Qe7 Rf7 38. Qxe6+ Kc7 39. Qxf7+ Kc8 40. Qe8+ Kc7 41. Bd6# 1-0


[Site "https://www.chess.com"]

[Event "Titled Tuesday Blitz April 12 Early 2022"]
[White "Yanayt, Eugene"]
[Black "Blokhin, Sofia"]
[WhiteFideId "2020165"]
[BlackFideId "4508190"]
[WhiteElo "2046"]
[BlackElo "1764"]
[Result "1-0"]
[Round "09"]
[TimeControl "180+1"]
[Date "2022.04.13"]
[WhiteClock "0:00:14"]
[BlackClock "0:00:03"]

1. d4 f5 2. g3 e6 3. Bg2 Nf6 4. Nh3 d5 5. O-O Be7 6. Nd2 O-O 7. Nf4 c5 8. Nf3 Nc6 9. b3 Qc7 10. Ba3 cxd4 11. Bxe7 Qxe7 12. Nxd4 Ne4 13. c4 dxc4 14. bxc4 Nxd4 15. Qxd4 Rd8 16. Qe5 Nd2 17. Rfc1 Qf7 18. Nd5 exd5 19. Bxd5 Rxd5 20. cxd5 Ne4 21. Rc7 Qf8 22. Re7 Nf6 23. Rc1 Bd7 24. Rc7 Re8 25. d6 Rxe7 26. dxe7 Qe8 27. Rxb7 Kf7 28. Rxa7 Qxe7 29. Qxe7+ Kxe7 30. Rb7 Nd5 31. a4 Nc3 32. a5 Nxe2+ 33. Kf1 Nd4 34. a6 Nc6 35. a7 Nxa7 36. Rxa7 Ke6 37. Ke2 Bb5+ 38. Ke3 g6 39. Rxh7 Kf6 40. Rb7 Bc4 41. Rb6+ Kg5 42. h4+ Kh5 43. Kf4 Be2 44. Rb8 Kh6 45. Rh8+ Kg7 46. Re8 Kf6 47. Rxe2 1-0


[Site "https://www.chess.com"]

[Event "Titled Tuesday Blitz April 12 Early 2022"]
[White "Yurovskykh, Oleksandr"]
[Black "Seo, Jung Min"]
[WhiteFideId "14134020"]
[BlackFideId "1734687"]
[WhiteElo "2292"]
[BlackElo "2401"]
[Result "1-0"]
[Round "09"]
[TimeControl "180+1"]
[Date "2022.04.13"]
[WhiteClock "0:00:41"]
[BlackClock "0:01:18"]

1. d4 Nf6 2. Nf3 d5 3. c3 g6 4. Bf4 Bg7 5. e3 O-O 6. Nbd2 b6 7. h3 Bb7 8. Be2 Nbd7 9. O-O e6 10. a4 a5 11. Ne5 Ne8 12. Nxd7 Qxd7 13. Bd3 Nd6 14. Qe2 Rfe8 15. Nf3 f6 16. Bxd6 cxd6 17. Bb5 Bc6 18. Bxc6 Qxc6 19. Qb5 Rac8 20. Qxc6 Rxc6 21. Ra3 Kf7 22. Rb3 Rec8 23. Ra1 f5 24. Ng5+ Ke7 25. Nxh7 Bh6 26. h4 Rh8 27. Ng5 Bxg5 28. hxg5 Kd7 29. g3 Kc7 30. Kg2 Kb7 31. Rba3 Rcc8 32. Rh1 Rxh1 33. Kxh1 Rh8+ 34. Kg2 Ka6 35. Ra1 b5 36. axb5+ Kxb5 37. Kf3 Rh2 38. Ke2 a4 39. Ra3 Rh5 40. b3 axb3 41. Rxb3+ Kc6 42. f4 Rh8 43. Ra3 Kb6 44. Rb3+ Kc6 45. Kf3 Ra8 46. g4 Rh8 47. gxf5 exf5 48. Ke2 Rh2+ 49. Kd3 Rh8 50. Ra3 Kb6 51. Ra1 Kb7 52. Ra5 Kc6 53. Ra6+ Kc7 54. Ra7+ 1-0


[Site "https://www.chess.com"]

[Event "Titled Tuesday Blitz April 12 Early 2022"]
[White "Zaksaite, Salomeja"]
[Black "Czerw, Dawid"]
[WhiteFideId "12801496"]
[BlackFideId "1145746"]
[WhiteElo "1953"]
[BlackElo "2125"]
[Result "1-0"]
[Round "09"]
[TimeControl "180+1"]
[Date "2022.04.13"]
[WhiteClock "0:00:26"]
[BlackClock "0:00:57"]

1. e4 c5 2. Nf3 g6 3. g3 Nc6 4. Bg2 Bg7 5. O-O e5 6. d3 Nge7 7. Nc3 O-O 8. Re1 d6 9. Nd2 h6 10. Nf1 Be6 11. Ne3 Qd7 12. Ned5 f5 13. exf5 gxf5 14. Nxe7+ Nxe7 15. f4 Rae8 16. fxe5 dxe5 17. Be3 b6 18. Qd2 Kh7 19. a3 Ng6 20. a4 f4 21. Bf2 Bh3 22. Be4 Bf5 23. a5 Bxe4 24. Nxe4 f3 25. axb6 axb6 26. b4 Qh3 27. Be3 Nf4 28. bxc5 Ne2+ 29. Rxe2 fxe2 30. Qxe2 bxc5 31. Ra7 Kh8 32. Bxc5 Rf5 33. Nd6 Rb8 34. Nxf5 Rb1+ 35. Kf2 Qxf5+ 36. Kg2 e4 37. Ra8+ Kh7 38. Qxe4 Qxe4+ 39. dxe4 Rb2 40. Kf3 Rxc2 41. Bf2 Kg6 42. Ra6+ Kf7 43. g4 Rc3+ 44. Kf4 Bf6 45. Rxf6+ 1-0


[Site "https://www.chess.com"]

[Event "Titled Tuesday Blitz April 12 Early 2022"]
[White "Zhigalko, Sergei"]
[Black "Melikhov, Evgeny V."]
[WhiteFideId "13502956"]
[BlackFideId "4122046"]
[WhiteElo "2854"]
[BlackElo "2412"]
[Result "1-0"]
[Round "09"]
[TimeControl "180+1"]
[Date "2022.04.13"]
[WhiteClock "0:00:19"]
[BlackClock "0:00:53"]

1. e4 e5 2. Nf3 Nc6 3. Bc4 Nf6 4. d3 Be7 5. O-O d6 6. Nbd2 O-O 7. c3 Na5 8. Bb5 a6 9. Ba4 b5 10. Bc2 c5 11. Re1 Bb7 12. Nf1 Re8 13. h3 Bf8 14. Bg5 h6 15. Bh4 g6 16. Ne3 Bg7 17. b4 cxb4 18. cxb4 Nc6 19. a3 a5 20. bxa5 Rxa5 21. Bb3 Qa8 22. Qc1 Nd4 23. Nxd4 exd4 24. Qc7 d5 25. Nxd5 Nxd5 26. exd5 Rxe1+ 27. Rxe1 Rxa3 28. d6 Ra1 29. Qxf7+ Kh7 30. Rxa1 Qxa1+ 31. Kh2 Qf1 32. Qg8# 1-0


[Site "https://www.chess.com"]

[Event "Titled Tuesday Blitz April 12 Early 2022"]
[White "Zierk, Steven"]
[Black "Wagh Suyog"]
[WhiteFideId "2034255"]
[BlackFideId "25071688"]
[WhiteElo "2494"]
[BlackElo "2181"]
[Result "1-0"]
[Round "09"]
[TimeControl "180+1"]
[Date "2022.04.12"]
[WhiteClock "0:01:57"]
[BlackClock "0:02:17"]

1. d4 d5 2. c4 c6 3. Nc3 Nf6 4. e3 e6 5. Nf3 Nbd7 6. Be2 dxc4 7. a4 a6 8. Bxc4 c5 9. O-O b6 10. d5 exd5 11. Nxd5 Bb7 12. e4 Be7 13. Nxe7 Qxe7 14. e5 Ng4 15. Bg5 Qf8 16. e6 fxe6 17. Bxe6 Bc6 18. Bxd7+ Bxd7 19. Re1+ 1-0


[Site "https://www.chess.com"]

[Event "Titled Tuesday Blitz April 12 Early 2022"]
[White "parintele_chess"]
[Black "Mangialardo, Tiago Carvalho"]
[BlackFideId "2130718"]
[WhiteElo "2249"]
[BlackElo "2050"]
[Result "1-0"]
[Round "09"]
[TimeControl "180+1"]
[Date "2022.04.13"]
[WhiteClock "0:00:21"]
[BlackClock "0:00:02"]

1. d4 Nf6 2. Bf4 c5 3. e3 g6 4. Nf3 Bg7 5. Bd3 O-O 6. c3 Nc6 7. h3 d6 8. O-O h6 9. Nbd2 Re8 10. Bh2 e5 11. dxe5 dxe5 12. Ne4 Nxe4 13. Bxe4 Qb6 14. Qb3 Qc7 15. Bd5 Be6 16. Rad1 Rad8 17. e4 Na5 18. Qc2 Bxd5 19. exd5 Qb6 20. Rfe1 Nc4 21. b3 e4 22. Rxe4 Rxe4 23. Qxe4 Nd6 24. Bxd6 Qxd6 25. c4 Kf8 26. Re1 Bf6 27. g4 Rd7 28. Qe8+ Kg7 29. Kg2 Rc7 30. h4 Qf4 31. Re4 Qc1 32. d6 Rc6 33. d7 Rd6 34. Ne5 Qd1 35. Qxf7+ Kh8 36. Nxg6# 1-0


[Site "https://www.chess.com"]

[Event "Titled Tuesday Blitz April 12 Early 2022"]
[White "Aaditya Dhingra"]
[Black "Efremova, Yulia"]
[WhiteFideId "25678191"]
[BlackFideId "14113953"]
[WhiteElo "1849"]
[BlackElo "2107"]
[Result "0-1"]
[Round "10"]
[TimeControl "180+1"]
[Date "2022.04.13"]
[WhiteClock "0:00:02"]
[BlackClock "0:00:05"]

1. e4 d5 2. exd5 Qxd5 3. Nc3 Qa5 4. d4 Nf6 5. Bc4 Nc6 6. Ne2 Bf5 7. Bd2 O-O-O 8. Nd5 Qa4 9. b3 Qa3 10. Bc1 Qa5+ 11. Bd2 Qa3 12. Ne3 Be4 13. f3 Bd5 14. Nxd5 Nxd5 15. Bxd5 Rxd5 16. c4 Rd8 17. d5 Ne5 18. Bc3 Ng6 19. Qc1 Qd6 20. Qe3 b6 21. O-O Qd7 22. Nd4 Kb7 23. Nc6 Re8 24. a4 e6 25. Qd2 exd5 26. cxd5 Bc5+ 27. Kh1 Be3 28. Qd1 Nf4 29. Ne5 Qxd5 30. g3 Qxd1 31. Raxd1 Ne6 32. Nxf7 Rhf8 33. Ne5 Nc5 34. Nd7 Rf7 35. Nxc5+ Bxc5 36. b4 Bd6 37. Rd3 Re2 38. f4 Rfe7 39. Rd2 g6 40. Rxe2 Rxe2 41. Re1 Rc2 42. Re3 c5 43. b5 Rc1+ 44. Kg2 Rc2+ 45. Kh3 c4 46. g4 Ra2 47. f5 gxf5 48. gxf5 Rxa4 49. f6 Kc7 50. f7 Kd7 51. Bg7 Rb4 52. f8=Q Bxf8 53. Bxf8 Rb3 54. Rxb3 cxb3 55. Ba3 Ke6 56. Kg4 Kd5 57. Kg5 Kc4 58. Kh6 Kxb5 59. Kxh7 Ka4 60. Bb2 a5 61. h4 Kb4 62. h5 a4 63. h6 a3 64. Bxa3+ Kxa3 65. Kg8 b2 66. h7 b1=Q 67. h8=Q Qb3+ 68. Kf8 Qb4+ 69. Ke8 Qe4+ 70. Kd7 Qb7+ 71. Kd6 Qf3 0-1


[Site "https://www.chess.com"]

[Event "Titled Tuesday Blitz April 12 Early 2022"]
[White "Abdusattorov, Nodirbek"]
[Black "Bortnyk, Olexandr"]
[WhiteFideId "14204118"]
[BlackFideId "14120828"]
[WhiteElo "2663"]
[BlackElo "2723"]
[Result "1-0"]
[Round "10"]
[TimeControl "180+1"]
[Date "2022.04.12"]
[WhiteClock "0:00:08"]
[BlackClock "0:00:01"]

1. e4 d6 2. d4 Nf6 3. Nc3 e5 4. Nf3 Nbd7 5. Bc4 Be7 6. O-O c6 7. a4 h6 8. a5 Qc7 9. Re1 g5 10. d5 a6 11. Be3 c5 12. Nd2 Nf8 13. Na4 Ng6 14. Nb6 Rb8 15. b4 cxb4 16. Nxc8 Rxc8 17. Bb3 O-O 18. Bb6 Qb8 19. Ra4 Bd8 20. Rxb4 Bxb6 21. Rxb6 Nd7 22. Rb4 Nc5 23. Nc4 Qc7 24. Rb6 Rcd8 25. Qh5 Kg7 26. Ne3 Ne7 27. h4 f6 28. Bc4 Rh8 29. Reb1 Qd7 30. Be2 Qa4 31. Bg4 Qe8 32. Nc4 Qxh5 33. Bxh5 Nc8 34. Rxb7+ Nxb7 35. Rxb7+ Kf8 36. Ne3 Ne7 37. Ra7 gxh4 38. Rxa6 Rg8 39. Ra7 Rg5 40. Bg4 Rg7 41. a6 f5 42. Bh3 fxe4 43. Rb7 Ng6 44. Rb6 Ra7 45. Nc4 Nf4 46. Nxd6 Nxd5 47. Rb7 Rxa6 48. Nxe4 Nf4 49. Kh2 Ra1 50. Bg4 h5 51. Bf3 Ra6 52. Rb5 Rg6 53. Rxe5 Ne6 54. Rxh5 Kg7 55. Rxh4 Nd4 56. Bg4 Nxc2 57. Ng3 Nd4 58. f3 Rh6 59. Nh5+ Kf7 60. Bh3 Rd5 61. Rf4+ Ke7 62. Ng3 Ke8 63. Re4+ Kf8 64. Kg1 Nc6 65. Ne2 Rf6 66. Nf4 Re5 67. Rc4 Ra5 68. Kh2 Ne5 69. Re4 Nf7 70. Ne6+ Kg8 71. Rg4+ Kh8 72. Rh4+ Kg8 73. Rd4 Ne5 74. Rd8+ Kf7 75. Nd4 Ra3 76. Kg3 Ng6 77. Nf5 Ne5 78. Kf4 Nc6 79. Rc8 1-0


[Site "https://www.chess.com"]

[Event "Titled Tuesday Blitz April 12 Early 2022"]
[White "Adelman, Charles"]
[Black "Khripachenko, Alexander"]
[WhiteFideId "2003597"]
[BlackFideId "54184975"]
[WhiteElo "2395"]
[BlackElo "2193"]
[Result "0-1"]
[Round "10"]
[TimeControl "180+1"]
[Date "2022.04.13"]
[WhiteClock "0:00:12"]
[BlackClock "0:00:06"]

1. Nf3 Nf6 2. c4 g6 3. Nc3 d5 4. cxd5 Nxd5 5. g3 Bg7 6. Bg2 Nb6 7. O-O O-O 8. d3 Nc6 9. Be3 e5 10. Rc1 Nd4 11. Qd2 c6 12. Ne4 Re8 13. Nc5 Bg4 14. Bxd4 Bxf3 15. Bxf3 Qxd4 16. Nxb7 e4 17. e3 Qxb2 18. Rc2 Nc4 19. Rxb2 Nxd2 20. Rxd2 exf3 21. Rc1 Rab8 22. Nd6 Red8 23. Ne4 Rd5 24. h4 f5 25. Ng5 Rbd8 26. Nxf3 Rxd3 27. Rxd3 Rxd3 28. Rxc6 Ra3 29. Rc8+ Bf8 30. Ng5 Ra6 31. Rc7 h6 32. Nf7 Rxa2 33. Ne5 Ra6 34. Nc6 Ra1+ 35. Kg2 a5 36. Ra7 a4 37. Ne5 g5 38. h5 Bg7 39. Nc4 Bf8 40. Ne5 a3 41. Ng6 Bc5 42. Ra5 a2 43. Rxc5 Rg1+ 44. Kxg1 a1=Q+ 45. Kg2 Qa8+ 46. Kh2 Qf3 47. Rxf5 Qxh5+ 48. Kg2 Qxg6 49. g4 h5 50. f3 h4 51. e4 Kg7 52. Rd5 Kh6 53. Rf5 Qe6 54. Rd5 Kg6 55. Rf5 Qc6 56. Rd5 Qc2+ 57. Kg1 Qc1+ 58. Kg2 Qe1 59. Rf5 Qg3+ 60. Kf1 h3 0-1


[Site "https://www.chess.com"]

[Event "Titled Tuesday Blitz April 12 Early 2022"]
[White "Agasarov, Benik"]
[Black "Avazkhonov, Alikhon"]
[WhiteFideId "13314823"]
[BlackFideId "14208504"]
[WhiteElo "2522"]
[BlackElo "1739"]
[Result "0-1"]
[Round "10"]
[TimeControl "180+1"]
[Date "2022.04.13"]
[WhiteClock "0:00:02"]
[BlackClock "0:00:03"]

1. e4 c5 2. Nf3 d6 3. d4 cxd4 4. Nxd4 Nf6 5. Nc3 a6 6. Bg5 e6 7. f4 h6 8. Bh4 Be7 9. Qf3 Nbd7 10. O-O-O Qc7 11. g4 b5 12. Bxf6 Nxf6 13. g5 hxg5 14. fxg5 Nd7 15. g6 Ne5 16. gxf7+ Nxf7 17. e5 Bb7 18. Nxe6 Bxf3 19. Nxc7+ Kd7 20. Nxa8 Bxh1 21. Nb6+ Kc6 22. Nbd5 Bg5+ 23. Kb1 Rxh2 24. Nb4+ Kb7 25. exd6 Rd2 26. Rxd2 Bxd2 27. d7 a5 28. Nbd5 b4 29. Ne4 Bxe4 30. Bc4 Kc6 31. Ne7+ Kxd7 32. Ng8 Ne5 33. Bb5+ Ke6 34. Be8 g5 35. Nh6 g4 36. Nxg4 Nxg4 37. Bb5 Ne3 38. Be2 Bxc2+ 39. Ka1 Be4 40. a3 b3 41. a4 Nc2+ 42. Kb1 Nd4+ 43. Ka1 Bc6 44. Bc4+ Kd6 45. Bd3 Bxa4 46. Kb1 Kc5 47. Ka1 Bb5 48. Be4 Bc4 49. Kb1 a4 50. Ka1 Nb5 51. Bb1 Kd4 52. Bg6 Bd3 53. Be8 Bc4 54. Bg6 a3 55. bxa3 Bc3+ 56. Kb1 Nxa3+ 57. Kc1 Be2 0-1


[Site "https://www.chess.com"]

[Event "Titled Tuesday Blitz April 12 Early 2022"]
[White "Alinasab, Mobina"]
[Black "Kostina, Nadezhda"]
[WhiteFideId "12528897"]
[BlackFideId "4195876"]
[WhiteElo "2031"]
[BlackElo "1982"]
[Result "0-1"]
[Round "10"]
[TimeControl "180+1"]
[Date "2022.04.13"]
[WhiteClock "0:00:14"]
[BlackClock "0:00:21"]

1. e4 c5 2. Nf3 Nc6 3. d4 cxd4 4. Nxd4 d6 5. Nc3 Nf6 6. f3 Qb6 7. Nb3 e6 8. Bg5 Be7 9. Qd2 a6 10. Be3 Qc7 11. O-O-O b5 12. g4 b4 13. Ne2 d5 14. g5 Nh5 15. exd5 exd5 16. Nf4 Nxf4 17. Bxf4 Bd6 18. Bxd6 Qxd6 19. Qxd5 Qxd5 20. Rxd5 Be6 21. Rd6 Ne5 22. f4 Ng6 23. Rxa6 Rxa6 24. Bxa6 Nxf4 25. Rf1 Nh3 26. Nc5 Nxg5 27. Rf4 Ke7 28. Rxb4 Nf3 29. h4 Bd5 30. a4 Kd6 31. Nd3 Re8 32. Rf4 Re2 33. Bc4 Rh2 34. Bxd5 Rh1+ 35. Ne1 Rxe1# 0-1


[Site "https://www.chess.com"]

[Event "Titled Tuesday Blitz April 12 Early 2022"]
[White "Almeida Junior, Alvaro Alves de"]
[Black "Steil-Antoni, Fiona"]
[WhiteFideId "2149974"]
[BlackFideId "4001249"]
[WhiteElo "2086"]
[BlackElo "2059"]
[Result "1-0"]
[Round "10"]
[TimeControl "180+1"]
[Date "2022.04.13"]
[WhiteClock "0:02:29"]
[BlackClock "0:00:45"]

1. e4 e5 2. Nf3 Nc6 3. Bc4 Bc5 4. O-O Nf6 5. d4 exd4 6. e5 d5 7. exf6 dxc4 8. Re1+ Be6 9. Ng5 Qd5 10. Nc3 Qf5 11. Nce4 O-O-O 12. g4 Qd5 13. fxg7 Rhg8 14. Nf6 Qd6 15. Nge4 Qe7 16. Nxg8 Rxg8 17. Bg5 f6 18. Bxf6 Qf7 19. Nxc5 Bd5 20. g5 h6 21. Qg4+ Kb8 22. Qd7 1-0


[Site "https://www.chess.com"]

[Event "Titled Tuesday Blitz April 12 Early 2022"]
[White "Araujo Filho, Luiz Antonio Coel"]
[Black "Zlatin, Alexander"]
[WhiteFideId "2130661"]
[BlackFideId "2810549"]
[WhiteElo "2334"]
[BlackElo "2228"]
[Result "1-0"]
[Round "10"]
[TimeControl "180+1"]
[Date "2022.04.13"]
[WhiteClock "0:00:29"]
[BlackClock "0:00:01"]

1. d4 d5 2. Nf3 e6 3. e3 c5 4. c3 Nc6 5. Nbd2 Nf6 6. Bd3 Bd6 7. Qe2 O-O 8. dxc5 Bxc5 9. e4 e5 10. h3 Re8 11. O-O d4 12. cxd4 Bxd4 13. Nb3 h6 14. Rd1 Qb6 15. Nbxd4 exd4 16. a3 Bd7 17. e5 Qa5 18. b4 Qd5 19. Bf4 Nh5 20. Bh2 Ne7 21. Nxd4 Kh8 22. Bc4 g6 23. Bxd5 Nxd5 24. Qf3 Be6 25. Nxe6 fxe6 26. Rxd5 exd5 27. Qxd5 Rad8 28. Qf7 Ng7 29. Qxg6 Re6 30. Qg4 Rd2 31. Rd1 Rc2 32. Rd8+ Kh7 33. Qe4+ 1-0


[Site "https://www.chess.com"]

[Event "Titled Tuesday Blitz April 12 Early 2022"]
[White "Bas Mas, Jose Joaquin"]
[Black "Padmini, Rout"]
[WhiteFideId "22219064"]
[BlackFideId "5029295"]
[WhiteElo "2212"]
[BlackElo "2181"]
[Result "0-1"]
[Round "10"]
[TimeControl "180+1"]
[Date "2022.04.13"]
[WhiteClock "0:00:02"]
[BlackClock "0:00:23"]

1. e4 c5 2. Nc3 g6 3. f4 Bg7 4. Nf3 d6 5. Bb5+ Bd7 6. a4 a6 7. Bc4 Nc6 8. d3 e6 9. O-O Nge7 10. f5 gxf5 11. Qe1 fxe4 12. dxe4 Ng6 13. Bg5 Bf6 14. Bh6 Nd4 15. Nxd4 Bxd4+ 16. Kh1 Qe7 17. Ne2 Be5 18. a5 Bc6 19. Bd3 Rg8 20. Rb1 Nh4 21. Rg1 c4 22. Bxc4 Bxe4 23. Ng3 Bc6 24. Bd3 Nxg2 25. Rxg2 Qh4 26. Be4 Qxh6 27. Bxc6+ bxc6 28. Qe4 Kd7 29. Rd1 Kc7 30. Qf3 f5 31. Kg1 Qf4 32. Qxf4 Bxf4 33. Nh5 Be5 34. b3 Rxg2+ 35. Kxg2 Rg8+ 36. Kf3 Bxh2 37. Rh1 Be5 38. Nf4 Kd7 39. Rxh7+ Rg7 40. Rh6 Bxf4 41. Kxf4 Ke7 42. c4 Rg4+ 43. Kf3 Rd4 44. Rh7+ Kf6 45. Ra7 Rd3+ 46. Ke2 Rxb3 47. Rxa6 Ke5 48. Rxc6 f4 49. a6 Ra3 50. Rb6 Ra1 51. Kf2 Ra3 52. Ke2 Ra1 53. Kf2 Ra4 54. Ke2 Rxc4 55. Rb5+ d5 56. Ra5 Rc8 57. a7 Ra8 58. Kf3 Kf5 59. Ra6 e5 60. Ra5 e4+ 61. Kf2 Ke5 62. Ra4 Kd6 63. Ra5 Kc6 64. Ke2 f3+ 65. Ke3 Kb6 66. Rxd5 Rxa7 67. Kxe4 f2 68. Rd1 Re7+ 69. Kd3 Re1 0-1


[Site "https://www.chess.com"]

[Event "Titled Tuesday Blitz April 12 Early 2022"]
[White "Biletskiy, Danylo"]
[Black "Bettalli, Francesco"]
[WhiteFideId "14155419"]
[BlackFideId "2816453"]
[WhiteElo "2087"]
[BlackElo "2216"]
[Result "1/2-1/2"]
[Round "10"]
[TimeControl "180+1"]
[Date "2022.04.13"]
[WhiteClock "0:00:04"]
[BlackClock "0:00:44"]

1. e4 e5 2. Nf3 Nf6 3. Nc3 Bc5 4. Bc4 O-O 5. O-O d6 6. a3 h6 7. b4 Bd4 8. Nxd4 exd4 9. Ne2 Nxe4 10. Nxd4 d5 11. Bd3 b6 12. Bb2 c5 13. Nf3 Bg4 14. Be2 Nc6 15. d3 Nd6 16. Rb1 d4 17. Re1 Qf6 18. Qd2 Qg6 19. c3 dxc3 20. Bxc3 cxb4 21. axb4 Rad8 22. Qf4 Bxf3 23. Bxf3 Nb5 24. Ba1 Ncd4 25. Re4 Nxf3+ 26. Qxf3 Rfe8 27. Rg4 Qe6 28. Rxg7+ Kf8 29. h3 Nd4 30. Bxd4 Rxd4 31. Rg4 Rxg4 32. hxg4 Kg7 33. Ra1 Re7 34. Qf4 a5 35. bxa5 bxa5 36. Qd4+ Kh7 37. f3 Rd7 38. Qe4+ Qxe4 39. dxe4 Ra7 40. Ra4 Kg6 41. Kf2 Kf6 42. Ke3 Ke5 43. f4+ Kd6 44. Kd4 Kc6 45. e5 Kb5 46. Ra1 Rd7+ 47. Ke4 a4 48. f5 Rd2 49. g3 Kb4 50. e6 fxe6 51. fxe6 a3 52. Kf5 Rf2+ 53. Kg6 Re2 54. Kf7 Rf2+ 55. Ke8 Kb3 56. e7 Kb2 57. Re1 a2 58. Kd8 Rd2+ 59. Kc7 Rc2+ 60. Kb7 Rc1 61. Rxc1 Kxc1 62. e8=Q a1=Q 63. Qe1+ Kb2 64. Qxa1+ Kxa1 65. Kc6 Kb2 66. Kd6 Kc2 67. Ke6 Kd2 68. Kf6 Ke2 69. Kg6 Kf3 70. Kxh6 Kxg4 1/2-1/2


[Site "https://www.chess.com"]

[Event "Titled Tuesday Blitz April 12 Early 2022"]
[White "Bures, Vit"]
[Black "Vianello, Enrico"]
[WhiteFideId "309052"]
[BlackFideId "810738"]
[WhiteElo "2079"]
[BlackElo "2265"]
[Result "1-0"]
[Round "10"]
[TimeControl "180+1"]
[Date "2022.04.13"]
[WhiteClock "0:00:26"]
[BlackClock "0:00:03"]

1. d4 d5 2. c4 Nc6 3. Nc3 dxc4 4. Nf3 Bg4 5. e3 e5 6. Bxc4 exd4 7. exd4 Bxf3 8. Qxf3 Qe7+ 9. Be3 O-O-O 10. O-O-O Nf6 11. Rhe1 Qb4 12. Bxf7 Nxd4 13. Bxd4 Rxd4 14. Qf5+ Kb8 15. Rxd4 Qxd4 16. Rd1 g6 17. Rxd4 Bh6+ 18. Qf4 Bxf4+ 19. Rxf4 Nh5 20. Re4 b6 21. Re8+ Rxe8 22. Bxe8 Nf4 23. Bc6 Nd3+ 24. Kc2 Nxf2 25. Bf3 g5 26. h3 Nh1 27. Ne4 1-0


[Site "https://www.chess.com"]

[Event "Titled Tuesday Blitz April 12 Early 2022"]
[White "Calin, Alexandru"]
[Black "Tsyhanchuk, Stanislav"]
[WhiteFideId "1222961"]
[BlackFideId "13505130"]
[WhiteElo "2020"]
[BlackElo "2078"]
[Result "1-0"]
[Round "10"]
[TimeControl "180+1"]
[Date "2022.04.13"]
[WhiteClock "0:00:06"]
[BlackClock "0:00:02"]

1. d4 Nf6 2. Bg5 Ne4 3. Bf4 c5 4. f3 Nf6 5. dxc5 Na6 6. e4 Nxc5 7. e5 Nh5 8. Be3 Ne6 9. Qd2 g6 10. g4 Nhg7 11. Nc3 a6 12. Bg2 b5 13. f4 Rb8 14. Ba7 Rb7 15. Bf2 h5 16. h3 b4 17. Nd5 Qa5 18. Ne2 Rb5 19. Ne3 Bb7 20. Bxb7 Rxb7 21. Qd5 Qc7 22. O-O-O a5 23. f5 Ng5 24. h4 Nh7 25. fxg6 fxg6 26. Qe4 Qc6 27. Nd5 hxg4 28. Nd4 Qc4 29. Qxg6+ Kd8 30. b3 Qc8 31. e6 d6 32. h5 Nf6 33. Nxf6 exf6 34. Qxf6+ Be7 35. Qxg7 Rf8 36. Bh4 Ke8 37. Qg6+ Kd8 38. Bxe7+ Rxe7 39. Qg5 Qc3 40. Kb1 a4 41. Nf5 Rxf5 42. Qxf5 a3 43. Qf8+ Kc7 44. Qxe7+ Kc8 45. Qe8+ Kb7 46. Qd7+ Ka8 47. Qd8+ Kb7 48. Qe7+ Ka8 49. Qe8+ Kb7 50. Qb5+ Ka8 51. Qa6+ Kb8 52. Qxd6+ Ka8 53. Qd5+ Kb8 54. Qb5+ Ka8 55. Rd8+ Ka7 56. Rd7+ Ka8 57. Qb7# 1-0


[Site "https://www.chess.com"]

[Event "Titled Tuesday Blitz April 12 Early 2022"]
[White "Caruana, Fabiano"]
[Black "Bryakin, Mikhail"]
[WhiteFideId "2020009"]
[BlackFideId "4165314"]
[WhiteElo "2744"]
[BlackElo "2417"]
[Result "1-0"]
[Round "10"]
[TimeControl "180+1"]
[Date "2022.04.12"]
[WhiteClock "0:00:40"]
[BlackClock "0:00:49"]

1. c4 Nf6 2. Nc3 c5 3. g3 Nc6 4. Bg2 g6 5. Nf3 Bg7 6. d4 cxd4 7. Nxd4 O-O 8. O-O d6 9. e3 Bd7 10. Qe2 Rc8 11. b3 Ne8 12. Rd1 Nxd4 13. exd4 Bc6 14. Be3 Bxg2 15. Kxg2 Nc7 16. Rac1 d5 17. c5 Qd7 18. b4 Rfe8 19. a4 h5 20. b5 Qf5 21. Qf3 Qxf3+ 22. Kxf3 e6 23. a5 a6 24. b6 Na8 25. Na2 Bf8 26. Nb4 Be7 27. Rc2 f6 28. Rdc1 Kf7 29. Bd2 Rb8 30. c6 Bxb4 31. Bxb4 bxc6 32. Rxc6 Rb7 33. Bd6 Rd8 34. Bf4 g5 35. Bd2 Rdb8 36. h4 gxh4 37. gxh4 Nxb6 38. axb6 Rxb6 39. Rc7+ Kg6 40. Rg1+ Kf5 41. Rh7 Rb3+ 42. Be3 e5 43. Rxh5+ Ke6 44. Rd1 e4+ 45. Kf4 a5 46. Rc1 R8b6 47. Rc5 Ra6 48. Rhxd5 a4 49. Ra5 Rbb6 50. Rh5 Kf7 51. Rh7+ Kg6 52. Ra7 1-0


[Site "https://www.chess.com"]